 Dungeon Crawl Stone Soup version 0.16.0-19-gb078050 (console) character file.

2184 Monkaria the Chopper (level 9, -4/86 HPs)
             Began as a Deep Dwarf Gladiator on Mar 23, 2015.
             Was a Follower of Makhleb.
             Slain by an orc wizard
             ... wielding a +2 dagger of electrocution
              (9 damage)
             ... on level 7 of the Dungeon.
             The game lasted 00:15:48 (4452 turns).

Monkaria the Chopper (Deep Dwarf Gladiator)         Turns: 4452, Time: 00:15:49

Health: -4/86      AC: 10    Str: 19      XL:     9   Next: 11%
Magic:  5/5        EV: 11    Int: 10      God:    Makhleb [*.....]
Gold:   99         SH:  0    Dex: 13 (15) Spells: 0 memorised, 8 levels left

rFire  . . .     SeeInvis .     a - +0 war axe
rCold  . . .     Clarity  .     K - +0 scale mail {rN+}
rNeg   + . .     SustAb   +     (no shield)
rPois  +         Gourm    .     c - +0 helmet
rElec  .         Spirit   .     (no cloak)
rCorr  .         Warding  .     q - +0 pair of gloves
rMut   .         Stasis   .     (no boots)
MR     +....                    (no amulet)
Stlth  ..........               L - ring of poison resistance
                                D - ring of sustain abilities

@: lethally poisoned (-4 -> -4), non-regenerating, somewhat resistant to hostile
enchantments, extremely unstealthy
A: damage resistance, recharge devices, sense surroundings 2, slow healing 3
a: Device Recharging, Renounce Religion


You were on level 7 of the Dungeon.
You worshipped Makhleb.
Makhleb was aware of your devotion.
You were not hungry.

You visited 2 branches of the dungeon, and saw 8 of its levels.
You also visited: Sewer.

You collected 247 gold pieces.
You spent 148 gold pieces at shops.

Inventory:

Hand weapons
 a - a +0 war axe (weapon)
 w - a +0 battleaxe
 N - a +0 blowgun
Missiles
 d - 3 throwing nets (quivered)
 M - 8 poisoned needles
Armour
 c - a +0 helmet (worn)
 q - a +0 pair of gloves (worn)
 K - a +0 scale mail of positive energy (worn)
Jewellery
 D - a ring of sustain abilities (left hand)
 L - a ring of poison resistance (right hand)
Magical devices
 e - a wand of heal wounds (3)
 m - a wand of digging (16)
 r - a wand of polymorph (0)
 y - a wand of random effects (0)
Scrolls
 i - 7 scrolls of remove curse
 l - 2 scrolls of random uselessness {unknown}
 n - 2 scrolls of enchant weapon {unknown}
 p - 3 scrolls of magic mapping
 s - 3 scrolls of teleportation
 v - a scroll of enchant armour {unknown}
 G - 2 scrolls of blinking {unknown}
 H - 2 scrolls of amnesia {unknown}
Potions
 g - 3 potions of agility
 h - a potion of invisibility
 k - 2 potions of brilliance
 o - 2 potions of lignification
 t - a potion of ambrosia
 u - a potion of magic
 x - 4 potions of curing {unknown}
 z - 3 potions of flight {unknown}
 A - 4 potions of heal wounds {unknown}
 B - 2 potions of might {unknown}
 C - 2 potions of restore abilities {unknown}
 F - 2 potions of poison {unknown}
 J - a potion of resistance {unknown}
Comestibles
 b - 2 chunks of flesh
 f - 3 bread rations
 j - 6 meat rations
 E - 4 fruits
 I - 2 beef jerkies


   Skills:
 - Level 7.2 Fighting
 - Level 7.7 Axes
 - Level 1.7 Throwing
 + Level 7.3 Armour
 - Level 3.2 Dodging


You had 8 spell levels left.
You didn't know any spells.

Dungeon Overview and Level Annotations

Branches:
Dungeon (7/15)             Temple (1/1) D:5

Altars:
Ashenzari
Cheibriados
Dithmenos
Elyvilon
Fedhas
Gozag
Makhleb
Nemelex Xobeh
Okawaru
Qazlal
Ru
Sif Muna
Trog
Vehumet
Xom
Zin
The Shining One

Shops:
D:4 }?[


Innate Abilities, Weirdness & Mutations

You are resistant to damage.
You can recharge devices by infusing magical energy.
You passively map the area around you.
You do not heal naturally.


Message History

You are poisoned.
You closely miss the orc wizard. You hit the orc.
You kill the orc!
Makhleb accepts your kill.
You closely miss the orc.
The orc wizard hits you but does no damage.
You are electrocuted!
* * * LOW HITPOINT WARNING * * *
The orc closely misses you.
Unknown command.
Your scale mail prevents you from hitting the orc wizard.
You hit the orc!
You kill the orc!
Makhleb accepts your kill. The orc wizard casts a spell at you.
The puff of frost misses you. The orc wizard misses you.
You closely miss the orc wizard. The orc wizard completely misses you.
The orc wizard hits you but does no damage.
You are electrocuted!
You die...

* , , ,
*.# * *.#
.### *
#...## *
##.....##
#.......#
*
#)[.....#
,
#@o.....#
##)....##
, #...##
* * *
.### ,,
,* # **
** ,* , *
* * ,


You could see an orc wizard.

Vanquished Creatures
  Grinder (D:3)
  Eustachio (D:4)
  Edmund (D:3)
  An ice beast (D:6)
  An ogre (D:5)
  A necrophage (D:5)
  A centaur (D:5)
  Sigmund (D:4)
  4 big kobolds (Sewer)
  A giant frog (D:6)
  2 quasits
  A jelly (D:3)
  4 orc priests
  A centaur zombie (D:7)
  2 giant frog zombies (D:6)
  2 hounds (D:5)
  2 worker ants
  7 orc wizards
  Natasha (D:4)
  Ijyb (D:2)
  7 gnolls
  9 adders
  A river rat (D:4)
  A giant mite (D:3)
  2 worms
  A shadow imp (D:4)
  An ufetubus (D:4)
  An adder skeleton (D:5)
  5 giant geckos
  3 oozes
  23 orcs
  4 ball pythons
  20 bats
  2 bat skeletons (D:4)
  2 bat zombies (D:5)
  6 giant cockroaches
  5 hobgoblins
  24 kobolds
  3 quokkas
  4 giant newts
  7 goblins
  6 jackals
  10 rats
183 creatures vanquished.

Notes
Turn   | Place    | Note
--------------------------------------------------------------
     0 | D:1      | Monkaria, the Deep Dwarf Gladiator, began the quest for the Orb.
     0 | D:1      | Reached XP level 1. HP: 19/19 MP: 1/1
   459 | D:1      | Reached XP level 2. HP: 21/27 MP: 2/2
   820 | D:2      | Noticed Ijyb
   833 | D:2      | Killed Ijyb
   833 | D:2      | Reached XP level 3. HP: 21/34 MP: 3/3
  1184 | D:2      | Reached skill level 4 in Fighting
  1184 | D:2      | Reached XP level 4. HP: 29/44 MP: 4/4
  1345 | D:3      | Reached XP level 5. HP: 30/51 MP: 5/5
  1346 | D:3      | Found a glowing drain.
  1377 | D:3      | Noticed Grinder
  1424 | D:3      | Killed Grinder
  1424 | D:3      | Reached skill level 6 in Fighting
  1424 | D:3      | Reached XP level 6. HP: 29/62 MP: 6/6
  1435 | Sewer    | Entered a sewer
  1589 | Sewer    | Reached skill level 7 in Fighting
  1589 | Sewer    | Reached XP level 7. HP: 38/72 MP: 7/7
  1806 | D:3      | Found a glowing golden altar of the Shining One.
  1955 | D:3      | Found a shimmering altar of Xom.
  2139 | D:3      | Reached skill level 5 in Axes
  2410 | D:4      | Noticed Edmund
  2410 | D:4      | Noticed Natasha
  2414 | D:4      | Noticed Eustachio
  2425 | D:4      | Killed Natasha
  2448 | D:3      | Killed Edmund
  2448 | D:3      | Reached XP level 8. HP: 32/80 MP: 6/6
  2495 | D:4      | Killed Eustachio
  2544 | D:4      | Found Beseh's Magic Scroll Emporium.
  2552 | D:4      | Bought a scroll of teleportation for 33 gold pieces
  2552 | D:4      | Bought a scroll of remove curse for 33 gold pieces
  2552 | D:4      | Bought a scroll of magic mapping for 38 gold pieces
  2552 | D:4      | Bought a scroll of identify for 22 gold pieces
  2556 | D:4      | Bought a scroll of identify for 22 gold pieces
  2624 | D:4      | Found Claul's Antique Armour Shoppe.
  2667 | D:4      | Noticed Sigmund
  2681 | D:4      | Killed Sigmund
  2681 | D:4      | Reached skill level 1 in Armour
  2728 | D:4      | Found Crauc's Gadget Boutique.
  2945 | D:5      | Entered Level 5 of the Dungeon
  3119 | D:5      | Found a sparkling altar of Nemelex Xobeh.
  3227 | D:5      | Found a staircase to the Ecumenical Temple.
  3257 | Temple   | Entered the Ecumenical Temple
  3612 | D:5      | Reached skill level 5 in Armour
  3960 | D:6      | Found a glowing silver altar of Zin.
  3960 | D:6      | Found a burning altar of Makhleb.
  3961 | D:6      | Noticed an Executioner
  3961 | D:6      | Noticed an angel
  3998 | D:6      | Became a worshipper of Makhleb the Destroyer
  4312 | D:7      | Gained mutation: You passively map the area around you. [level up]
  4312 | D:7      | Reached XP level 9. HP: 24/86 MP: 5/5
  4423 | D:6      | Acquired Makhleb's first power
  4452 | D:7      | Slain by an orc wizard

Action                   |  1- 3 |  4- 6 |  7- 9 || total
-------------------------+-------+-------+-------++-------
Melee: War axe           |    84 |    82 |   408 ||   574
 Abil: Device Recharging |       |       |     4 ||     4
Evoke: Wand              |     1 |     6 |    29 ||    36
  Use: Scroll            |       |       |     6 ||     6
 Stab: Sleeping          |     1 |       |       ||     1
  Eat: Chunk             |       |     2 |    11 ||    13
